NCAA
GEORGIA TECH YELLOW JACKETS @ STANFORD CARDINAL
05/17/2023
 
TOP OF THE 1ST
Georgia Tech Yellow Jackets batting - Pitching for Stanford Cardinal : LHP Júlio Castillo
Pitching: LHP Júlio Castillo
Batting: RHB Flint Todd 0-0: Ball
1-0: Ball
2-0: Ball
3-0: Base on Balls
Batting: SHB Ramón Valdés 0-0: Called Strike
0-1: Foul Ball, location: 2F
0-2: Ball
1-2: Fly out, F8 (Flyball, 8LM)
Batting: RHB Brian Cannon 0-0: Ball
Flint Todd steals 2nd base
1-0: Ground out 3-1 (Groundball, 34)
Flint Todd to third
Batting: RHB Luis Antonio Cuevas 0-0: Fly out, F7 (Flyball, 7M)
Top of the 1st over - 0 run(s), 0 hit(s), 0 error(s), 1 left on base; Georgia Tech 0 - Stanford 0
BOTTOM OF THE 1ST
Stanford Cardinal batting - Pitching for Georgia Tech Yellow Jackets : RHP Tony Edmonds
Pitching: RHP Tony Edmonds
Batting: SHB Dave Henley 0-0: Ball
1-0: Foul Ball, location: 2F
1-1: Foul Ball, location: 2F
1-2: Foul Ball, location: 2F
1-2: SINGLE (Groundball, 34D)
Batting: SHB Pedro Contreras 0-0: Ball
1-0: Ball
2-0: Called Strike
2-1: Called Strike
2-2: Strikes out looking
Batting: RHB Dave Roberts 0-0: Hit by Pitch
Dave Henley to second
Batting: SHB Dave Saunders 0-0: Ball
1-0: Ball
2-0: Fielders Choice at 2nd, 3-6 (Groundball, 3)
Dave Henley to third
Batting: LHB Alberto Roberts 0-0: Ball
1-0: Fly out, F8 (Flyball, 8RM)
Bottom of the 1st over - 0 run(s), 1 hit(s), 0 error(s), 2 left on base; Georgia Tech 0 - Stanford 0
TOP OF THE 2ND
Georgia Tech Yellow Jackets batting - Pitching for Stanford Cardinal : LHP Júlio Castillo
Batting: LHB Alan Moore 0-0: Foul Ball, location: 2F
0-1: DOUBLE (Line Drive, 3L)
Batting: SHB Alfonso Escasán 0-0: Fly out, F8 (Flyball, 78M)
Batting: RHB John Smith 0-0: Called Strike
0-1: 2-RUN HOME RUN (Line Drive, 78XD), Distance : 386 ft
Batting: RHB Pete McKee 0-0: Ball
1-0: Called Strike
1-1: Swinging Strike
1-2: SINGLE (Groundball, 5D)
Batting: LHB Héctor Soto 0-0: Ball
1-0: Foul Ball, location: 2F
1-1: Foul Ball, location: 2F
1-2: 2-RUN HOME RUN (Line Drive, 89XD), Distance : 374 ft
Batting: RHB Flint Todd 0-0: Ball
1-0: Ball
2-0: Ball
3-0: Base on Balls
Batting: SHB Ramón Valdés 0-0: Called Strike
Flint Todd is caught stealing 2nd base
0-1: Ball
1-1: Ball
2-1: Foul Ball, location: 2F
2-2: SINGLE (Flyball, 7S)
Batting: RHB Brian Cannon 0-0: Called Strike
0-1: Called Strike
0-2: Ball
1-2: Strikes out swinging
Top of the 2nd over - 4 run(s), 5 hit(s), 0 error(s), 1 left on base; Georgia Tech 4 - Stanford 0
BOTTOM OF THE 2ND
Stanford Cardinal batting - Pitching for Georgia Tech Yellow Jackets : RHP Tony Edmonds
Batting: LHB António García 0-0: Foul Ball, location: 2F
0-1: Ball
1-1: Foul Ball, location: 2F
1-2: Fly out, F3 (Line Drive, 3)
Batting: SHB Barney Hudson 0-0: Ball
1-0: Foul Ball, location: 2F
1-1: Swinging Strike
1-2: Foul Ball, location: 2F
1-2: Strikes out looking
Batting: RHB Bill Hansen 0-0: Ball
1-0: Ball
2-0: Ball
3-0: Base on Balls
Batting: LHB Caleb Hall 0-0: Ball
1-0: Ball
2-0: Called Strike
2-1: Ball
3-1: Base on Balls
Bill Hansen to second
Batting: SHB Dave Henley 0-0: Swinging Strike
0-1: Fly out, F8 (Flyball, 8LM)
Bottom of the 2nd over - 0 run(s), 0 hit(s), 0 error(s), 2 left on base; Georgia Tech 4 - Stanford 0
TOP OF THE 3RD
Georgia Tech Yellow Jackets batting - Pitching for Stanford Cardinal : LHP Júlio Castillo
Batting: RHB Luis Antonio Cuevas 0-0: Foul Ball, location: 2F
0-1: Ball
1-1: Called Strike
1-2: Fly out, F8 (Flyball, 8RM)
Batting: LHB Alan Moore 0-0: Ball
1-0: SINGLE (Flyball, 8LS)
Batting: SHB Alfonso Escasán 0-0: Fly out, F9 (Flyball, 9M)
Batting: RHB John Smith 0-0: Foul Ball, location: 2F
0-1: Foul Ball, location: 2F
0-2: Foul Ball, location: 2F
0-2: Ball
1-2: Foul Ball, location: 2F
1-2: Foul Ball, location: 2F
1-2: Ground out 4-3 (Groundball, 4)
Top of the 3rd over - 0 run(s), 1 hit(s), 0 error(s), 1 left on base; Georgia Tech 4 - Stanford 0
BOTTOM OF THE 3RD
Stanford Cardinal batting - Pitching for Georgia Tech Yellow Jackets : RHP Tony Edmonds
Batting: SHB Pedro Contreras 0-0: Called Strike
0-1: Called Strike
0-2: Strikes out swinging
Batting: RHB Dave Roberts 0-0: Ball
1-0: Foul Ball, location: 2F
1-1: Foul Ball, location: 2F
1-2: Strikes out looking
Batting: SHB Dave Saunders 0-0: Ball
1-0: Ball
2-0: Ball
3-0: Foul Ball, location: 2F
3-1: Base on Balls
Batting: LHB Alberto Roberts 0-0: Ball
1-0: Called Strike
1-1: Called Strike
1-2: Strikes out swinging
Bottom of the 3rd over - 0 run(s), 0 hit(s), 0 error(s), 1 left on base; Georgia Tech 4 - Stanford 0
TOP OF THE 4TH
Georgia Tech Yellow Jackets batting - Pitching for Stanford Cardinal : LHP Júlio Castillo
Batting: RHB Pete McKee 0-0: Foul Ball, location: 2F
0-1: Ball
1-1: Ball
2-1: Ball
3-1: Base on Balls
Batting: LHB Héctor Soto 0-0: Fly out, F8 (Flyball, 8LM)
Batting: RHB Flint Todd 0-0: Called Strike
0-1: Grounds into double play, 6-4-3 (Groundball, 6)
Top of the 4th over - 0 run(s), 0 hit(s), 0 error(s), 0 left on base; Georgia Tech 4 - Stanford 0
BOTTOM OF THE 4TH
Stanford Cardinal batting - Pitching for Georgia Tech Yellow Jackets : RHP Tony Edmonds
Batting: LHB António García 0-0: Foul Ball, location: 2F
0-1: Ball
1-1: Ball
2-1: Ball
3-1: Called Strike
3-2: Fly out, F8 (Flyball, 8RM)
Batting: SHB Barney Hudson 0-0: Ball
1-0: Called Strike
1-1: Ball
2-1: Ball
3-1: Swinging Strike
3-2: Foul Ball, location: 2F
3-2: Strikes out swinging
Batting: RHB Bill Hansen 0-0: Ball
1-0: Foul Ball, location: 2F
1-1: Ball
2-1: Swinging Strike
2-2: Strikes out swinging
Bottom of the 4th over - 0 run(s), 0 hit(s), 0 error(s), 0 left on base; Georgia Tech 4 - Stanford 0
TOP OF THE 5TH
Georgia Tech Yellow Jackets batting - Pitching for Stanford Cardinal : LHP Júlio Castillo
Batting: SHB Ramón Valdés 0-0: Called Strike
0-1: Swinging Strike
0-2: Ball
1-2: Foul Ball, location: 2F
1-2: Ball
2-2: Strikes out looking
Batting: RHB Brian Cannon 0-0: Fly out, F8 (Flyball, 89M)
Batting: RHB Luis Antonio Cuevas 0-0: Ball
1-0: Ball
2-0: Called Strike
2-1: Ball
3-1: Swinging Strike
3-2: SINGLE (Groundball, 56D)
Batting: LHB Alan Moore 0-0: Foul Ball, location: 2F
0-1: Ball
1-1: Swinging Strike
1-2: Ball
2-2: Ball
3-2: Strikes out swinging
Top of the 5th over - 0 run(s), 1 hit(s), 0 error(s), 1 left on base; Georgia Tech 4 - Stanford 0
BOTTOM OF THE 5TH
Stanford Cardinal batting - Pitching for Georgia Tech Yellow Jackets : RHP Tony Edmonds
Batting: LHB Caleb Hall 0-0: Ball
1-0: Swinging Strike
1-1: Ball
2-1: Ball
3-1: Base on Balls
Batting: SHB Dave Henley 0-0: Swinging Strike
0-1: Foul Ball, location: 2F
0-2: Ball
1-2: Ball
2-2: Fielders Choice at 2nd, 1-4 (Groundball, 15)
Pitching: RHP Rafael Durán
Batting: SHB Pedro Contreras 0-0: Ball
1-0: Called Strike
Dave Henley is caught stealing 2nd base
1-1: Called Strike
1-2: Ball
2-2: Fly out, F6 (Popup, 5DF)
Bottom of the 5th over - 0 run(s), 0 hit(s), 0 error(s), 0 left on base; Georgia Tech 4 - Stanford 0
TOP OF THE 6TH
Georgia Tech Yellow Jackets batting - Pitching for Stanford Cardinal : LHP Júlio Castillo
Batting: SHB Alfonso Escasán 0-0: Ball
1-0: Called Strike
1-1: Ball
2-1: Ball
3-1: Base on Balls
Pitching: RHP Devin Brown
Batting: RHB John Smith 0-0: 2-RUN HOME RUN (Flyball, 8RXD), Distance : 392 ft
Batting: RHB Pete McKee 0-0: Ball
1-0: Ball
2-0: Ball
3-0: Base on Balls
Batting: LHB Héctor Soto 0-0: Ball
1-0: Ball
2-0: Ball
3-0: Base on Balls
Pete McKee to second
Batting: RHB Flint Todd 0-0: Ball
1-0: Ball
2-0: Called Strike
2-1: SINGLE (Flyball, 89S)
Pete McKee to third
Héctor Soto to second
Batting: SHB Ramón Valdés 0-0: Called Strike
0-1: Swinging Strike
0-2: Foul Ball, location: 2F
0-2: Ball
1-2: Ball
2-2: Ball
3-2: Fly out, F9 (Flyball, 9M)
Runner from 3rd tags up, SCORES, no throw
Pitching: LHP Gonzalo Solano
Batting: RHB Brian Cannon 0-0: Ball
Wild Pitch!
Héctor Soto to third
Flint Todd to second
1-0: Called Strike
1-1: Foul Ball, location: 2F
1-2: DOUBLE (Line Drive, 7LM)
Héctor Soto scores
Flint Todd scores
Batting: RHB Luis Antonio Cuevas 0-0: Fly out, F7 (Flyball, 78XD)
Runner from 2nd tags up, SAFE at 3rd, no throw
Batting: LHB Alan Moore 0-0: Ball
1-0: Called Strike
1-1: Ball
2-1: Foul Ball, location: 2F
2-2: Strikes out swinging
Top of the 6th over - 5 run(s), 3 hit(s), 0 error(s), 1 left on base; Georgia Tech 9 - Stanford 0
BOTTOM OF THE 6TH
Stanford Cardinal batting - Pitching for Georgia Tech Yellow Jackets : RHP Rafael Durán
Batting: RHB Dave Roberts 0-0: Called Strike
0-1: Ball
1-1: Foul Ball, location: 2F
1-2: Foul Ball, location: 2F
1-2: Foul Ball, location: 2F
1-2: Foul Ball, location: 2F
1-2: Ball
2-2: Strikes out swinging
Batting: SHB Dave Saunders 0-0: Called Strike
0-1: SINGLE (Line Drive, 56)
Batting: LHB Alberto Roberts 0-0: Called Strike
0-1: Ball
1-1: Ball
2-1: Foul Ball, location: 2F
2-2: Strikes out swinging
Batting: LHB António García 0-0: Called Strike
0-1: Ball
1-1: Foul Ball, location: 2F
1-2: Ball
2-2: Ball
3-2: Base on Balls
Dave Saunders to second
Batting: SHB Barney Hudson 0-0: Swinging Strike
0-1: Called Strike
0-2: Ball
1-2: Ball
2-2: Ground out 4-3 (Groundball, 4)
Bottom of the 6th over - 0 run(s), 1 hit(s), 0 error(s), 2 left on base; Georgia Tech 9 - Stanford 0
TOP OF THE 7TH
Georgia Tech Yellow Jackets batting - Pitching for Stanford Cardinal : LHP Gonzalo Solano
Batting: SHB Alfonso Escasán 0-0: Called Strike
0-1: Ball
1-1: Ground out 6-3 (Groundball, 56)
Batting: RHB John Smith 0-0: Ball
1-0: Called Strike
1-1: Foul Ball, location: 2F
1-2: Ball
2-2: Ball
3-2: Base on Balls
Batting: RHB Pete McKee 0-0: Ball
1-0: Ball
2-0: Swinging Strike
2-1: Foul Ball, location: 2F
2-2: Fly out, F7 (Flyball, 7M)
Batting: LHB Héctor Soto 0-0: Ball
1-0: Ball
2-0: Ball
3-0: Base on Balls
John Smith to second
Batting: RHB Flint Todd 0-0: Foul Ball, location: 2F
0-1: SINGLE (Groundball, 56D)
John Smith to third
Héctor Soto to second
Runner from 3rd tries for Home, SAFE, no throw or cutoff
Batting: SHB Ramón Valdés 0-0: Ball
1-0: Ball
2-0: Ball
3-0: Base on Balls
Héctor Soto to third
Flint Todd to second
Batting: RHB Brian Cannon 0-0: Foul Ball, location: 2F
0-1: Foul Ball, location: 2F
0-2: Ball
1-2: Foul Ball, location: 2F
1-2: Fly out, F8 (Flyball, 8LS)
Top of the 7th over - 1 run(s), 1 hit(s), 0 error(s), 3 left on base; Georgia Tech 10 - Stanford 0
BOTTOM OF THE 7TH
Stanford Cardinal batting - Pitching for Georgia Tech Yellow Jackets : RHP Rafael Durán
Batting: RHB Bill Hansen 0-0: Called Strike
0-1: Called Strike
0-2: Strikes out swinging
Pitching: RHP José Rodríguez
Batting: LHB Caleb Hall 0-0: Ball
1-0: Ball
2-0: Ball
3-0: Called Strike
3-1: Base on Balls
Batting: SHB Dave Henley 0-0: Ball
1-0: Grounds into double play, 6-4-3 (Groundball, 6)
Bottom of the 7th over - 0 run(s), 0 hit(s), 0 error(s), 0 left on base; Georgia Tech 10 - Stanford 0
TOP OF THE 8TH
Georgia Tech Yellow Jackets batting - Pitching for Stanford Cardinal : LHP Gonzalo Solano
Batting: RHB Luis Antonio Cuevas 0-0: Swinging Strike
0-1: Foul Ball, location: 2F
0-2: Ball
1-2: Ball
2-2: Strikes out swinging
Pitching: RHP Tom Newell
Batting: LHB Alan Moore 0-0: Called Strike
0-1: Ball
1-1: Ball
2-1: Foul Ball, location: 2F
2-2: Foul Ball, location: 2F
2-2: Ball
3-2: Foul Ball, location: 2F
3-2: Foul Ball, location: 2F
3-2: Ground out U3 (Groundball, 3)
Batting: SHB Alfonso Escasán 0-0: Swinging Strike
0-1: Ball
1-1: Ball
2-1: Ball
3-1: Foul Ball, location: 2F
3-2: Ground out 4-3 (Groundball, 4)
Top of the 8th over - 0 run(s), 0 hit(s), 0 error(s), 0 left on base; Georgia Tech 10 - Stanford 0
BOTTOM OF THE 8TH
Stanford Cardinal batting - Pitching for Georgia Tech Yellow Jackets : RHP José Rodríguez
Now at C: Steven Williams
Batting: SHB Pedro Contreras 0-0: Ball
1-0: Called Strike
1-1: Swinging Strike
1-2: Ball
2-2: Strikes out swinging
Batting: RHB Dave Roberts 0-0: Ball
1-0: Called Strike
1-1: Swinging Strike
1-2: Strikes out looking
Batting: SHB Dave Saunders 0-0: Ball
1-0: SINGLE (Groundball, 3L)
Batting: LHB Alberto Roberts 0-0: Swinging Strike
0-1: Foul Ball, location: 2F
0-2: Fly out, F8 (Flyball, 8RM)
Bottom of the 8th over - 0 run(s), 1 hit(s), 0 error(s), 1 left on base; Georgia Tech 10 - Stanford 0
TOP OF THE 9TH
Georgia Tech Yellow Jackets batting - Pitching for Stanford Cardinal : RHP Tom Newell
Batting: RHB John Smith 0-0: Ball
1-0: Hit by Pitch
Batting: RHB Pete McKee 0-0: Fly out, F8 (Flyball, 8LM)
Batting: LHB Héctor Soto 0-0: Foul Ball, location: 2F
0-1: Grounds into double play, 6-4-3 (Groundball, 6)
Top of the 9th over - 0 run(s), 0 hit(s), 0 error(s), 0 left on base; Georgia Tech 10 - Stanford 0
BOTTOM OF THE 9TH
Stanford Cardinal batting - Pitching for Georgia Tech Yellow Jackets : RHP José Rodríguez
Now in CF: Brendon Little
Batting: LHB António García 0-0: Called Strike
0-1: Ground out 4-3 (Groundball, 4)
Batting: SHB Barney Hudson 0-0: Called Strike
0-1: Swinging Strike
0-2: Strikes out swinging
Batting: RHB Bill Hansen 0-0: Ball
1-0: Ball
2-0: Ground out 6-3 (Groundball, 6)
Bottom of the 9th over - 0 run(s), 0 hit(s), 0 error(s), 0 left on base; Georgia Tech 10 - Stanford 0
This league is powered by Out of the Park Baseball, the baseball management simulation game for PC, Mac and Linux
Wednesday, December 2nd, 2015 - OOTP Baseball 16.8 Build 38